 Dungeon Crawl Stone Soup version 0.24-a0-217-g1152973720 (webtiles) character file.

Game seed: 16028103015738112777

3248 Redear the Contemplative (level 9, -22/68 HPs)
             Began as a Naga Venom Mage on Mar 30, 2019.
             Was a Priest of Cheibriados.
             Annihilated by a two-headed ogre
             ... wielding a +0 giant club
              (23 damage)
             ... on level 8 of the Dungeon.
             The game lasted 00:42:28 (8675 turns).

Redear the Contemplative (Naga Venom Mage)          Turns: 8675, Time: 00:42:29

Health: -22/68     AC:  4    Str: 16    XL:     9   Next: 99%
Magic:  0/17       EV: 11    Int: 27    God:    Cheibriados [***...]
Gold:   273        SH:  0    Dex: 19    Spells: 1/12 levels left

rFire    . . .     SeeInvis +   A - +7 whip of Victory {elec, rN+ Int+3 Stlth+}
rCold    . . .     Gourm    .   (no shield)
rNeg     + + .     Faith    .   j - +0 leather armour
rPois    +         Spirit   .   (no helmet)
rElec    .         Reflect  .   (no cloak)
rCorr    .         Harm     .   (no gloves)
MR       +....                  (no barding)
Stlth    +++.......             (no amulet)
HPRegen  0.21/turn              s - +1 ring of evasion
MPRegen  0.15/turn              N - ring of positive energy {rN+}

@: lethally poisoned (-22 -> -24), studying Armour, lightly drained, very slow
A: large, see invisible, deformed body, poison resistance, slowness 2, slow
metabolism 1, spit poison 1, AC +3
a: Spit Poison, Bend Time, Temporal Distortion, Renounce Religion


You were on level 8 of the Dungeon.
You worshipped Cheibriados.
Cheibriados was most pleased with you.
You were very hungry.

You visited 1 branch of the dungeon, and saw 8 of its levels.

You collected 273 gold pieces.

Inventory:

Hand Weapons
 i - a +0 dagger of holy wrath
 p - a +0 club
 A - the +7 whip of Victory (weapon) {elec, rN+ Int+3 Stlth+}
   (You found it on level 5 of the Dungeon)

   Occasionally, upon striking a foe, it will discharge some electrical energy
   and cause terrible harm.
   It affects your intelligence (+3).
   It protects you from negative energy.
   It makes you more stealthy.
 H - a +0 shortbow
Missiles
 e - 23 poisoned needles
 F - 2 needles of sleeping
 I - 149 stones (quivered)
 J - 5 needles of confusion
 K - 6 tomahawks
 Q - 60 arrows
Armour
 a - a +0 robe
 h - a +2 robe
 j - a +0 leather armour (worn)
 D - a cursed +0 shield
 L - a +0 cloak
Jewellery
 s - a +1 ring of evasion (left hand)
 N - a ring of positive energy (right hand) {rN+}
Wands
 d - a wand of disintegration (7)
 w - a wand of scattershot (3)
 C - a wand of flame (23)
Scrolls
 f - 2 scrolls of fog
 g - 2 scrolls of remove curse
 k - 3 scrolls of identify {unknown}
 l - 3 scrolls of enchant weapon {unknown}
 n - 4 scrolls of enchant armour {unknown}
 o - 2 scrolls of fear {unknown}
 q - a scroll of blinking {unknown}
 r - a scroll of magic mapping {unknown}
 t - a scroll of teleportation
 y - 2 scrolls of noise {unknown}
 E - a scroll of amnesia {unknown}
Potions
 m - 3 potions of brilliance
 u - a potion of degeneration {unknown}
 v - a potion of invisibility {unknown}
 x - a potion of heal wounds {unknown}
 z - 4 potions of curing
 B - a potion of cancellation {unknown}
 G - a potion of magic
Books
 b - a manual of Armour {!d}
Comestibles
 c - 13 rations


   Skills:
 + Level 6.8 Maces & Flails
 - Level 1.5 Dodging
 - Level 3.0(2.9) Stealth
 - Level 2.0(1.9) Spellcasting
 - Level 1.0(0.9) Conjurations
 - Level 6.2(6.1) Poison Magic
 + Level 11.9 Invocations


You had one spell level left.
You knew the following spells:

 Your Spells              Type           Power        Failure   Level  Hunger
a - Sting                 Conj/Pois      ###.         2%          1    None
b - Poisonous Vapours     Pois/Air       ###...       5%          2    ##.....
c - Olgreb's Toxic Radia  Pois           #####...     10%         4    ####...
v - Corona                Hex            #......      12%         1    None
x - Mephitic Cloud        Conj/Pois/Air  ###.....     14%         3    ###....

Your spell library contained the following spells:

 Spells                   Type           Power        Failure   Level  Hunger
 Sandblast                Erth           #.....       12%         1    None
 Passwall                 Tmut/Erth      #.......     19%         2    ##.....
 Slow                     Hex            #.......     19%         2    ##.....
 Stone Arrow              Conj/Erth      #.....       30%         3    ###....
 Inner Flame              Hex/Fire       #.......     36%         3    ###....
 Portal Projectile        Hex/Tloc       #.....       36%         3    ###....
 Venom Bolt               Conj/Pois      ###.......   61%         5    ######.
 Cause Fear               Hex            #.........   77%         4    ####...
 Leda's Liquefaction      Hex/Erth       #.........   77%         4    ####...
 Petrify                  Tmut/Erth      #.......     77%         4    ####...
 Lee's Rapid Deconstruct  Erth           #.........   98%         5    ######.


Dungeon Overview and Level Annotations

Branches:
Dungeon (8/15)             Temple (0/1) D:4
   Lair: D:8-11

Altars:
Cheibriados
Gozag
Makhleb
Okawaru
Qazlal
Zin


Innate Abilities, Weirdness & Mutations

You cannot wear boots.
Your serpentine skin is tough. (AC +3)
You have supernaturally acute eyesight. (SInv)
Armour fits poorly on your strangely shaped body.
Your system is resistant to poisons. (rPois)
You cover ground very slowly.
You have a slow metabolism.
You can spit poison.


Message History

The two-headed ogre hits you with a +0 giant club!!
* * * LOW HITPOINT WARNING * * *
You take 18 damage, and have 9/68 hp.
MASSIVE DAMAGE!!
You now have 0/17 mp.
Okay, then.
Unknown command.
Unknown command.
Unknown command.
The leopard gecko hisses angrily.
You hit the two-headed ogre. The worker ant bites you.
* * * LOW HITPOINT WARNING * * *
You are poisoned.
The worker ant poisons you!
You take 1 damage, and have 8/68 hp.
You hit the two-headed ogre.
You feel sick. The worker ant bites you!
* * * LOW HITPOINT WARNING * * *
The two-headed ogre barely misses you.
The two-headed ogre hits you with a +0 giant club!!
You die...

#... #......# ###...
#...<..#########.....
####......#.......#.....
..........#.......#.....
.....(....#.......#.....
..........#######'#..)..
.....................###
......O@.............'..
......a..............#.%
..########...l.......#.#
#......######.# +......#
.. #......# .. #......#
## ##......


You could see a two-headed ogre, a worker ant and a leopard gecko.

Levels and vault maps discovered:
D:1:      dpeg_arrival_orchard, layout_loops_cross
D:2:      layout_loops_ring, marbit_many_paths, nicolae_qazlal_eye_of_the_storm,
          grunt_decor_fettered, minmay_split_cup_large, uniq_terence
D:3:      layout_basic, lemuel_crystal_altar, lemuel_coloured_pillars_altar,
          uniq_sigmund
D:4:      layout_basic, okawaru_trees_2, minmay_temple_entry_arrows,
          first_ration, minmay_manual_mares
D:5:      layout_basic
D:6:      layout_loops_ring, makhleb_heckhound_becter, hangedman_decor_push,
          uniq_edmund, uniq_blork_the_orc
D:7:      layout_basic, uniq_pikel, uniq_crazy_yiuf_cottage
D:8:      layout_gridville, basic_altar, grunt_livestock, feat_on_display,
          uniq_grum, uniq_psyche

Notes
Turn   | Place    | Note
-------+----------+-------------------------------------------
     0 | D:1      | Redear the Naga Venom Mage began the quest for the Orb.
     0 | D:1      | Reached XP level 1. HP: 15/15 MP: 3/3
    89 | D:1      | HP: 2/15 [kobold (3)]
    91 | D:1      | Reached XP level 2. HP: 4/22 MP: 0/5
   376 | D:1      | Identified a +0 club
   429 | D:1      | Reached skill level 5 in Poison Magic
   461 | D:1      | Identified a +0 club
   530 | D:1      | Identified a +0 whip
   881 | D:2      | Learned a level 2 spell: Poisonous Vapours
   911 | D:2      | Identified a cursed -3 club
   913 | D:2      | Reached XP level 3. HP: 28/28 MP: 3/6
   926 | D:2      | Found a snail-covered altar of Cheibriados.
   930 | D:2      | Became a worshipper of Cheibriados the Contemplative
   953 | D:2      | Identified a +0 dagger of holy wrath
   977 | D:2      | Identified a +0 short sword
  1020 | D:2      | Identified a +0 falchion
  1020 | D:2      | Identified a +0 chain mail
  1020 | D:2      | Noticed Terence
  1035 | D:2      | HP: 6/28 [Terence/+0 falchion (2)]
  1036 | D:2      | Identified 2 potions of lignification
  1038 | D:2      | Killed Terence
  1038 | D:2      | Reached skill level 6 in Poison Magic
  1280 | D:2      | Found a stormy altar of Qazlal.
  1392 | D:2      | Identified a +0 club
  1397 | D:2      | Identified a potion of brilliance
  1398 | D:2      | Identified a potion of ambrosia
  1400 | D:2      | Reached skill level 1 in Invocations
  1400 | D:2      | Reached XP level 4. HP: 30/36 MP: 7/7
  1796 | D:3      | Identified a +0 whip
  1873 | D:3      | Identified a +0 club
  1947 | D:3      | Identified a +0 club
  1948 | D:3      | Identified a +0 club
  1950 | D:3      | Reached * piety under Cheibriados
  1953 | D:3      | Reached skill level 2 in Invocations
  1994 | D:3      | Identified a +0 trident
  1994 | D:3      | Identified a +0 ring mail
  1998 | D:3      | Found an opulent altar of Gozag.
  1998 | D:3      | Identified a +0 scythe
  1998 | D:3      | Identified a +2 robe
  1998 | D:3      | Noticed Sigmund
  2009 | D:3      | HP: 8/36 [Sigmund/+0 scythe (8)]
  2013 | D:3      | HP: 1/36 [Sigmund/+0 scythe (8)]
  2014 | D:3      | Identified a potion of agility
  2015 | D:3      | Killed Sigmund
  2015 | D:3      | Reached skill level 4 in Invocations
  2015 | D:3      | Reached XP level 5. HP: 1/42 MP: 0/8
  2015 | D:3      | Reached XP level 6. HP: 2/49 MP: 0/9
  2329 | D:3      | Reached skill level 5 in Invocations
  2379 | D:3      | Identified a cursed -3 whip
  2403 | D:3      | Redear: ??Sif Muna
  2403 | D:3      | beem: sif muna[1/5]: God of magic and knowledge: 1*:
                  | {divine energy} invocation, 2*: miscast effect protection,
                  | 3*: {channel magic} invocation, 4*: {amnesia} invocation,
                  | 5*: Gifts {book acquirement}. Piety is gained by training
                  | magic skills and killing enemies. Miscast effect protection
                  | is piety/160, so guaranteed at 6*.
  2403 | D:3      | Redear: ??split poison
  2403 | D:3      | beem: split poison ~ spit poison[1/1]: You spit poison from
                  | your mouth, does extra damage when done by a naga, scales
                  | with XL and mutation level. Relatively short breath
                  | cooldown vs {breathe flames}. Does 1d(4 + (XL + mutlevel *
                  | 5 [+10 if Naga]) / 2) damage [ 1d7 minimum ; 1d30 maximum]
  2463 | D:3      | Identified a +0 club
  2659 | D:3      | Identified a +0 club
  2902 | D:3      | Identified a +0 dagger
  2931 | D:3      | Found a glowing silver altar of Zin.
  3036 | D:3      | Identified 4 scrolls of fog
  3037 | D:3      | Identified a scroll of immolation
  3123 | D:4      | Identified a +0 shortbow
  3123 | D:4      | Identified a +0 shortbow
  3125 | D:4      | Identified a potion of magic
  3126 | D:4      | Identified a potion of curing
  3132 | D:4      | HP: 16/73 [centaur/arrow (4)]
  3141 | D:4      | Reached skill level 6 in Invocations
  3141 | D:4      | Reached XP level 7. HP: 15/55 MP: 11/11
  3371 | D:4      | Identified a +0 giant spiked club
  3416 | D:4      | Identified a +0 war axe
  3543 | D:4      | Got a fabulously ornate robe
  3554 | D:4      | Identified the cursed +1 robe of the Abyss {-Cast Dex+6}
                  | (You found it on level 4 of the Dungeon)
  3556 | D:4      | Identified 3 scrolls of teleportation
  3557 | D:4      | Identified 2 scrolls of remove curse
  3594 | D:4      | Reached skill level 7 in Invocations
  3646 | D:4      | Found a staircase to the Ecumenical Temple.
  3712 | D:4      | Found an iron altar of Okawaru.
  3794 | D:4      | Reached ** piety under Cheibriados
  3908 | D:5      | Entered Level 5 of the Dungeon
  3992 | D:5      | Identified a ring of evasion (You found it on level 3 of
                  | the Dungeon)
  4167 | D:5      | HP: 10/55 [phantom (5)]
  4170 | D:5      | HP: 1/55 [phantom (9)]
  4248 | D:5      | Reached skill level 8 in Invocations
  4537 | D:5      | Learned a level 4 spell: Olgreb's Toxic Radiance
  4580 | D:5      | Reached XP level 8. HP: 56/62 MP: 8/14
  5058 | D:5      | Identified a +0 dagger
  5058 | D:5      | Identified a +0 robe
  5058 | D:5      | Identified a +0 short sword
  5058 | D:5      | Identified a +0 leather armour
  5058 | D:5      | Identified a +0 ring mail
  5076 | D:5      | Reached skill level 9 in Invocations
  5342 | D:5      | Got a slimy whip
  5343 | D:5      | Identified the +7 whip of Victory {elec, rN+ Int+3 Stlth+}
                  | (You found it on level 5 of the Dungeon)
  5444 | D:6      | Identified a +0 giant club
  5449 | D:6      | Identified a +0 flail of protection
  5449 | D:6      | Identified a +0 chain mail
  5449 | D:6      | Noticed Edmund
  5454 | D:6      | Reached skill level 1 in Maces & Flails
  5464 | D:6      | Killed Edmund
  5464 | D:6      | Reached skill level 2 in Maces & Flails
  5496 | D:6      | Found a burning altar of Makhleb.
  5499 | D:6      | Reached skill level 10 in Invocations
  5684 | D:6      | Reached skill level 3 in Maces & Flails
  5684 | D:6      | Identified a +1 long sword of distortion
  5684 | D:6      | Identified a +0 robe
  5684 | D:6      | Noticed Blork the orc
  5690 | D:6      | HP: 21/93 [Blork the orc/+1 long sword of distortion (14)]
  5692 | D:6      | Killed Blork the orc
  5981 | D:6      | Identified a +0 mace
  5981 | D:6      | Identified a cursed +0 leather armour
  5981 | D:6      | Identified a +0 whip
  5981 | D:6      | Identified a cursed +0 leather armour
  5981 | D:6      | Identified a +0 trident
  5981 | D:6      | Identified a cursed +0 ring mail
  5985 | D:6      | Identified a +0 hand axe
  5985 | D:6      | Identified a +0 ring mail
  5991 | D:6      | Reached *** piety under Cheibriados
  6006 | D:6      | Reached XP level 9. HP: 28/68 MP: 3/16
  6168 | D:6      | Reached skill level 4 in Maces & Flails
  6634 | D:6      | Learned a level 3 spell: Mephitic Cloud
  6640 | D:7      | Identified a +0 halberd
  6640 | D:7      | Identified a +0 plate armour
  6640 | D:7      | Identified a +0 flail
  6640 | D:7      | Identified a +0 leather armour
  6640 | D:7      | Identified a +0 mace
  6651 | D:7      | Identified a +0 club
  6651 | D:7      | Identified a +0 club
  6651 | D:7      | Identified a +0 whip
  6651 | D:7      | Identified a +0 club
  6651 | D:7      | Identified a +0 blowgun
  6686 | D:7      | Identified a +0 shortbow
  6891 | D:7      | Identified a +0 shortbow
  6953 | D:7      | Found a runed translucent door.
  6954 | D:7      | Identified a +2 quarterstaff of chaos
  6954 | D:7      | Identified a +0 cloak
  6954 | D:7      | Noticed Crazy Yiuf
  7066 | D:7      | Identified a +0 club
  7066 | D:7      | Identified a cursed +0 leather armour
  7075 | D:7      | Identified a cursed -2 flail
  7075 | D:7      | Identified a +0 ring mail
  7079 | D:7      | Reached skill level 5 in Maces & Flails
  7079 | D:7      | Reached skill level 11 in Invocations
  7081 | D:7      | Identified a +0 hand axe
  7081 | D:7      | Identified a +0 robe
  7081 | D:7      | Identified an uncursed ring of positive energy
  7085 | D:7      | Identified a +0 club
  7085 | D:7      | Identified a +0 robe
  7086 | D:7      | Identified a +0 rapier
  7086 | D:7      | Identified a +0 chain mail
  7288 | D:7      | Identified a +0 spear
  7291 | D:7      | Identified a +0 flail
  7295 | D:7      | Identified a +0 flail
  7567 | D:7      | Redear: ??corona
  7567 | D:7      | beem: corona[1/1]: Outlines the target in light, making
                  | them easier to hit (by boosting your to-hit randomly
                  | between 2 and 9). Makes invisible things (temporarily)
                  | visible. Tastes less pissy with a wedge of lime. Don't
                  | leave it in direct sunlight.
  7569 | D:7      | Learned a level 1 spell: Corona
  7624 | D:7      | Identified a +0 animal skin
  7647 | D:7      | Identified a +2 whip of flaming
  7647 | D:7      | Identified a +0 robe
  7647 | D:7      | Noticed Pikel
  7647 | D:7      | Identified a +0 animal skin
  7647 | D:7      | Identified a +0 animal skin
  7647 | D:7      | Identified a +0 animal skin
  7656 | D:7      | Killed Pikel
  7656 | D:7      | Reached skill level 6 in Maces & Flails
  7682 | D:7      | HP: 7/68 [orc warrior/+0 halberd (24)]
  8225 | D:7      | Killed Crazy Yiuf
  8298 | D:8      | Identified a +0 leather armour (You found it on level 3 of
                  | the Dungeon)
  8301 | D:8      | Identified a +0 shortbow
  8459 | D:8      | Identified a +0 dagger
  8459 | D:8      | Identified a +0 short sword
  8460 | D:8      | Identified a +0 short sword
  8548 | D:8      | Identified a +2 flail of freezing
  8548 | D:8      | Identified a +0 robe
  8548 | D:8      | Identified a +3 battleaxe
  8548 | D:8      | Identified a +0 robe
  8548 | D:8      | Identified a +3 halberd
  8548 | D:8      | Identified a +0 robe
  8661 | D:8      | Identified a +0 giant club
  8661 | D:8      | Identified a +0 giant club
  8661 | D:8      | Noticed a two-headed ogre
  8673 | D:8      | HP: 9/68 [two-headed ogre/+0 giant club (18)]
  8675 | D:8      | HP: 1/68 [worker ant (7)]
  8675 | D:8      | Annihilated by a two-headed ogre

Table legend:
 A = Turns spent in this place as a percentage of turns spent in the entire game.
 B = Non-inter-level travel turns spent in this place as a percentage of non-inter-level travel turns spent in the entire game.
 C = Inter-level travel turns spent in this place as a percentage of turns spent in this place.
 D = Turns resting spent in this place as a percentage of non-inter-level travel turns spent in this place.
 E = Turns spent auto-exploring this place as a percentage of non-inter-level travel turns spent in this place.
 F = Non-inter-level travel turns spent in this place divided by the number of levels of this place that you've seen.
                   A       B       C       D       E      F
               +-------+-------+-------+-------+-------+----------------------
         Total | 100.0 | 100.0 |   3.8 |  31.5 |  45.8 | 1043.0
       Dungeon | 100.0 | 100.0 |   3.8 |  31.5 |  45.8 | 1043.0
               +-------+-------+-------+-------+-------+----------------------

Table legend:
 A = Kills in this place as a percentage of kills in entire the game.
 B = Kills by you in this place as a percentage of kills by you in the entire game.
 C = Kills by friends in this place as a percentage of kills by friends in the entire game.
 D = Other kills in this place as a percentage of other kills in the entire game.
 E = Experience gained in this place as a percentage of experience gained in the entire game.
 F = Experience gained in this place divided by the number of levels of this place that you have seen.
                   A       B       C       D       E      F
               +-------+-------+-------+-------+-------+----------------------
         Total | 100.0 | 100.0 |   N/A | 100.0 | 100.0 | 580.0
       Dungeon | 100.0 | 100.0 |   N/A | 100.0 | 100.0 | 580.0
               +-------+-------+-------+-------+-------+----------------------

Skill      XL: |  1  2  3  4  5  6  7  8  9 |
---------------+----------------------------+-----
Poison Magic   | 5 6 |  6.2
Invocations    | 1 4 6 8 10 11 | 11.9
Maces & Flails | 3 6 |  6.8
Dodging        | |  1.5
Stealth        | |  3.0
Spellcasting   | |  2.0
Conjurations   | |  1.0

Action                   |  1- 3 |  4- 6 |  7- 9 || total
-------------------------+-------+-------+-------++-------
Melee: Unarmed           |    19 |    21 |       ||    40
       Club              |       |     7 |       ||     7
       Dagger            |       |    16 |    81 ||    97
       Whip              |       |       |   116 ||   116
Throw: Stone             |       |       |    42 ||    42
 Cast: Sting             |    46 |    64 |   228 ||   338
       Poisonous Vapours |     1 |       |       ||     1
       Olgreb's Toxic Ra |       |       |     9 ||     9
       Mephitic Cloud    |       |       |     5 ||     5
Invok: Bend Time         |       |       |     4 ||     4
       Temporal Distorti |       |       |     8 ||     8
 Abil: Spit Poison       |     1 |     2 |    12 ||    15
Evoke: Wand              |       |       |     2 ||     2
  Use: Potion            |     3 |     4 |     2 ||     9
       Scroll            |       |     3 |     4 ||     7
 Stab: Confused          |       |       |     1 ||     1
  Eat: Chunk             |     1 |     5 |    16 ||    22
Armor: Robe              |     2 |    12 |     4 ||    18
       Skin              |     2 |    26 |    30 ||    58
Dodge: Dodged            |    14 |    29 |   139 ||   182

Vanquished Creatures
  Pikel (D:7)
  Sigmund (D:3)
  Edmund (D:6)
  2 sky beasts
  2 ice beasts (D:6)
  A slave (D:7)
  An ogre (D:6)
  2 phantoms
  5 centaurs
  2 big kobolds
  Blork the orc (D:6)
  3 bullfrogs
  3 scorpions
  A wight (D:8)
  A bullfrog zombie (D:5)
  A quasit (D:6)
  A centaur zombie (D:7)
  4 hounds
  Crazy Yiuf (D:7)
  3 orc priests
  A bullfrog skeleton (D:5)
  3 iguanas
  Terence (D:2)
  2 worker ants (D:5)
  2 orc wizards
  A hound skeleton (D:3)
  11 adders
  3 gnolls (D:7)
  A howler monkey skeleton (D:6)
  A shadow imp (D:5)
  A worm (D:5)
  4 dart slugs
  3 leopard geckos (D:6)
  12 orcs
  3 giant cockroaches
  9 goblins
  5 hobgoblins
  11 jackals
  2 quokkas
  6 bats
  7 frilled lizards
  16 kobolds
  A quokka skeleton (D:7)
  10 rats
153 creatures vanquished.

Vanquished Creatures (others)
  An orc warrior (D:7)
  A slave (D:7)
  An orc (D:7)
3 creatures vanquished.

Grand Total: 156 creatures vanquished
